 Dungeon Crawl Stone Soup version 0.30-b1-2-g02819fbbbe (webtiles) character file.

Game seed: 6599628476143093536

175703 nuka the Peltast (level 17, -3/163 HPs)
             Began as a Minotaur Fighter on July 19, 2023.
             Was a High Priest of Okawaru.
             Slain by a naga warrior
             ... wielding a +0 halberd
              (7 damage)
             ... on level 4 of the Snake Pit on July 20, 2023.
             The game lasted 03:02:11 (45988 turns).

nuka the Peltast (Minotaur Fighter)                Turns: 45988, Time: 03:02:12

Health: -3/163     AC: 33    Str: 30    XL:     17   Next: 48%
Magic:  17/24      EV:  7    Int:  4    God:    Okawaru [*****.]
Gold:   1205       SH: 27    Dex: 12    Spells: 16/16 levels left

rFire   . . .        M - +2 broad axe (freeze)
rCold   + . .        Y - +0 tower shield
rNeg    + . .        c - +0 plate armour "Oddocuc" {rElec Str+3 Slay+3}
rPois   .            (helmet restricted)
rElec   +            q - +2 ratskin cloak {*Rats rPois rN+ Str-1 Int-1 Dex+1}
rCorr   .            E - +2 pair of gloves
SInv    .            x - +3 pair of mountain boots {steadfast, rC+}
Will    ++...        N - amulet of reflection Stlth
                     B - +4 ring of slaying
HPRegen 0.47/turn    i - ring of willpower
MPRegen 0.19/turn

%: reflection
@: lethally poisoned (-3 -> -4), heroic, finesse-ful, poison vulnerable,
constricted
A: horns 2, retaliatory headbutt
a: Renounce Religion, Heroism, Finesse, Duel


You were on level 4 of the Snake Pit.
You worshipped Okawaru.
Okawaru was extremely pleased with you.
You visited 5 branches of the dungeon, and saw 27 of its levels.

You collected 2721 gold pieces.
You spent 1516 gold pieces at shops.

Inventory:

Hand Weapons
 b - a +0 scimitar of flaming
 M - a +2 broad axe of freezing (weapon)
Missiles
 d - 4 throwing nets
 l - 5 curare-tipped darts
 m - 5 atropa-tipped darts
 r - 33 poisoned darts (quivered)
Armour
 c - the +0 plate armour "Oddocuc" (worn) {rElec Str+3 Slay+3}
   (You bought it in a shop on level 1 of the Dungeon)

   Str:       It affects your strength (+3).
   Slay:      It affects your accuracy & damage with ranged weapons and melee
   (+3).
   rElec:     It insulates you from electricity.
 q - the +2 ratskin cloak (worn) {*Rats rPois rN+ Str-1 Int-1 Dex+1}
   (You found it on level 2 of the Dungeon)

   *Rats:     When the wearer is hurt, rats may emerge from it to assist them.
   Str:       It affects your strength (-1).
   Int:       It affects your intelligence (-1).
   Dex:       It affects your dexterity (+1).
   rPois:     It protects you from poison.
   rN:        It protects you from negative energy.
 x - the +3 pair of mountain boots (worn) {steadfast, rC+}
   (You found it on level 5 of the Lair of Beasts)

   Steadfast: It prevents involuntary movement, except for blinking,
   teleportation, or banishment.
   rC:        It protects you from cold.
 E - a +2 pair of gloves (worn)
 Y - a +0 tower shield (worn)
Jewellery
 i - a ring of willpower (right hand)
 B - a +4 ring of slaying (left hand)
 H - a ring of positive energy
 I - an amulet of the acrobat
 N - an amulet of reflection (around neck)
 P - a +6 ring of dexterity
 Q - a ring of resist corrosion
 R - a ring of protection from fire
 S - an amulet of regeneration
 T - a ring of flight
Wands
 a - a wand of flame (9)
 C - a wand of paralysis (11)
 J - a wand of mindburst (29)
Scrolls
 f - a scroll of torment {unknown}
 g - 4 scrolls of blinking
 h - 5 scrolls of enchant weapon
 p - 7 scrolls of teleportation
 u - 3 scrolls of silence
 v - a scroll of brand weapon
 w - 5 scrolls of fog
 y - 3 scrolls of summoning
 A - 8 scrolls of amnesia
 K - 2 scrolls of poison
 O - 4 scrolls of vulnerability
 U - 3 scrolls of enchant armour
 V - 5 scrolls of magic mapping
 W - 2 scrolls of immolation {unknown}
 X - a scroll of fear {unknown}
 Z - 7 scrolls of noise
Potions
 e - 5 potions of curing
 k - 2 potions of cancellation
 n - 4 potions of brilliance
 o - 5 potions of degeneration
 s - 2 potions of resistance
 t - 3 potions of attraction
 z - 2 potions of magic
 D - 6 potions of lignification
 F - 4 potions of ambrosia
 G - 9 potions of flight
 L - a potion of might


   Skills:
 + Level 18.1(23.1) Fighting
 - Level 18.0(23.0) Axes
 - Level 5.0(10.0) Throwing
 + Level 18.1(23.1) Armour
 + Level 18.1(23.1) Shields
 + Level 11.8 Invocations


You had 16 spell levels left.
You didn't know any spells.
Your spell library contained the following spells:

 Spells                   Type           Power      Damage    Failure   Level
 Beastly Appendage        Tmut           0%         N/A       94%         1
 Freeze                   Ice            0%         1d3       94%         1
 Magic Dart               Conj           0%         1d3       94%         1
 Sting                    Tmut/Pois      0%         1d3       94%         1
 Lesser Beckoning         Tloc           0%         N/A       98%         2
 Poisonous Vapours        Pois/Air       0%         N/A       98%         2
 Wereblood                Tmut           0%         N/A       98%         2
 Frozen Ramparts          Ice            0%         1d1       100%        3
 Gell's Gravitas          Tloc           0%         N/A       100%        3
 Hailstorm                Conj/Ice       0%         3d3       100%        3
 Ignite Poison            Fire/Tmut/Pois 0%         N/A       100%        3
 Mephitic Cloud           Conj/Pois/Air  0%         N/A       100%        3
 Spider Form              Tmut/Pois      0%         N/A       100%        3
 Teleport Other           Tloc           0%         N/A       100%        3
 Vhi's Electric Charge    Tloc/Air       0%         N/A       100%        3
 Leda's Liquefaction      Hex/Erth       0%         N/A       100%        4
 Olgreb's Toxic Radiance  Pois           0%         N/A       100%        4
 Passage of Golubria      Tloc           0%         N/A       100%        4
 Sticky Flame             Conj/Fire      0%         2d3       100%        4
 Arcjolt                  Conj/Air       0%         1d10      100%        5
 Blade Hands              Tmut           0%         N/A       100%        5
 Fireball                 Conj/Fire      0%         3d3       100%        5
 Freezing Cloud           Conj/Ice/Air   0%         6-21      100%        5
 Iskenderun's Battlesphe  Conj           0%         2d6       100%        5
 Lee's Rapid Deconstruct  Erth           0%         3d4*      100%        5
 Silence                  Hex/Air        0%         N/A       100%        5
 Conjure Ball Lightning   Conj/Air       0%         3x3d6     100%        6
 Eringya's Noxious Bog    Tmut/Pois      0%         N/A       100%        6
 Iron Shot                Conj/Erth      0%         9d1       100%        6
 Plasma Beam              Fire/Air       0%         2x1d11    100%        6
 Statue Form              Tmut/Erth      0%         N/A       100%        6
 Orb of Destruction       Conj           0%         9d5       100%        7
 Ignition                 Fire           0%         3d3       100%        8
 Lehudib's Crystal Spear  Conj/Erth      0%         10d2      100%        8
 Call Imp                 Summ           Unusable   N/A       N/A         2
 Animate Armour           Summ/Erth      Unusable   N/A       N/A         4
 Summon Forest            Summ/Tloc      Unusable   N/A       N/A         5
 Summon Hydra             Summ           Unusable   N/A       N/A         7

Dungeon Overview and Level Annotations

Branches:
Dungeon (15/15)            Temple (1/1) D:4            Lair (5/5) D:8
  Swamp (0/4) Lair:2        Snake (4/4) Lair:3        Slime (0/5) Lair:4
    Orc (2/2) D:9             Elf (0/3) Orc:2        Vaults (0/5) D:13
 Depths (0/4) D:15

Altars:
Ashenzari
Cheibriados
Dithmenos
Elyvilon
Fedhas
Gozag
Hepliaklqana
Kikubaaqudgha
Makhleb
Nemelex Xobeh
Okawaru
Qazlal
Ru
Sif Muna
Trog
Uskayaw
Vehumet
Wu Jian
Xom
Yredelemnul
Zin
The Shining One
Jiyva
Lugonu

Shops:
D:1 ?[[?[   Orc:2 *=[(   Snake:1 (

Portals:
Abyss: Lair:1 Lair:5

Annotations:
D:13 1 runed translucent door, FoCKShaftsOnD1's ghost, journeyman MeEE
D:15 Roxanne
Lair:1 2 transporters, nuka's ghost, journeyman GrEE


Innate Abilities, Weirdness & Mutations

You have a pair of horns on your head.
You reflexively headbutt those who attack you in melee.


Message History

The bolt of poison hits you!!
You are more poisoned.
* * * LOW HITPOINT WARNING * * *
You gain the combat prowess of a mighty hero.
You feel extremely sick. The naga ritualist spits poison at you.
The splash of poison hits you but does no damage.
You are more poisoned.
You block the naga warrior's attack. x2; You block the nagaraja's attack.
You can now deal lightning-fast blows.
You feel extremely sick.
The naga ritualist mumbles some strange prayers to its god against you.
You resist with almost no effort. You block the naga warrior's attack.
The naga warrior grabs you. The naga warrior constricts you.
The nagaraja gestures wildly while chanting.
The nagaraja seems to speed up.
You slash the naga warrior! You freeze the naga warrior.
You headbutt the naga warrior!
The naga warrior is moderately wounded.
You hit the naga ritualist but do no damage.
You feel very sick.
The naga warrior hits you but does no damage.
The naga warrior constricts you.
The naga ritualist utters an invocation to its god.
The naga ritualist begins to radiate toxic energy.
* * * LOW HITPOINT WARNING * * *
You are more poisoned.
You hit the naga warrior. You freeze the naga warrior.
You headbutt the naga warrior, but do no damage.
The naga warrior is moderately wounded.
You closely miss the naga ritualist.
You feel sick. The nagaraja barely misses you.
You feel better.
You are no longer firmly anchored in space.
* * * LOW HITPOINT WARNING * * *
You are poisoned.
The nagaraja hits you from afar with a +0 halberd!!
* * * LOW HITPOINT WARNING * * *
The naga warrior hits you with a +0 halberd!
You die...

##### ### ##~≈~## ..#### #
##.~≈~.## #### ..##.#
##.###.......###. #... .....#
..#.............# #... .....##
....#.........#.. ##... ......##
#....)..N.....# ##....
.......###.##.)))N....# ##.....
#........#######@#+########....##
#...........###.N...###........#.
#.....<....##...~~~...##.......##
#..........#.#..~≈≈..#.#.......##
##.........#.#..≈≈~..# #.......#.
#.........#.#..~~~..#.#.......#.
#.........##...~~~...##.......#.
##..........###.....###........#.
.............###'''###.........##


You could see a nagaraja (fast, strong), a naga warrior and a naga ritualist
(strong, toxic aura, catching breath).

Vanquished Creatures
  Saint Roka (Snake:4)
  Agnes (Snake:3)
  The ghost of Sokuv the Ruinous, an adept DECj of Sif Muna (Snake:3)
  Donald (Snake:3)
  2 nagarajas
  An emperor scorpion (D:15)
  Aizul (Snake:3)
  An orc warlord (Orc:1)
  A dire elephant (D:15)
  Josephine (D:15)
  Snorg (D:10)
  An entropy weaver (shapeshifter) (Lair:5)
  2 fire dragons
  2 salamander tyrants
  An ogre mage (Orc:2)
  8 hydras
  The ghost of kwasso the Geomancer, a journeyman GrEE of Gozag (D:11)
  4 catoblepae
  2 two-headed ogres
  13 anacondas
  2 dancing weapons (D:13)
  3 boulder beetles
  8 naga warriors
  2 tengu warriors (D:14)
  2 centaur warriors
  11 death yaks
  2 orc high priests
  2 thrashing horrors (Lair:5)
  6 shock serpents
  10 naga sharpshooters
  Sonja (Lair:5)
  A large abomination (Lair:5)
  6 salamander mystics
  5 skeletal warriors
  A deep troll (shapeshifter) (Lair:5)
  A bog body (Lair:2)
  11 naga ritualists
  2 lindwurms (Lair:5)
  Pikel (D:6)
  4 orc knights
  A harpy (shapeshifter) (D:12)
  6 deep elf pyromancers
  8 orc sorcerers
  16 mana vipers
  19 salamanders
  3 manticores
  A cyclops (D:15)
  20 ugly things
  8 elephants
  47 black mambas
  16 naga magi
  A smoke demon (Lair:5)
  5 guardian serpents
  Joseph (D:10)
  2 gargoyles
  7 cane toads
  A torpor snail (Lair:4)
  3 unseen horrors (D:11)
  Maggie (Lair:2)
  2 rime drakes
  13 komodo dragons
  An efreet (D:14)
  A freezing wraith (D:12)
  An ancient zyme (Lair:5)
  12 trolls
  3 polar bears
  22 blink frogs
  A jumping spider (shapeshifter) (Lair:5)
  13 slime creatures
  A ynoxinul (Lair:5)
  A spriggan (Lair:5)
  5 wyverns
  40 yaks
  6 wraiths
  A vampire (D:10)
  2 humans (shapeshifter) (Lair:5)
  7 basilisks
  11 vampire mosquitoes (D:13)
  2 wargs
  49 nagas
  18 water moccasins
  2 acid dragons
  Duvessa (D:7)
  An ice beast (D:7)
  30 orc warriors
  2 black bears
  21 ogres
  4 wolves (Lair:2)
  13 centaurs
  A lemure (D:6)
  A phantom (D:5)
  13 bullfrogs
  A gnoll sergeant (D:7)
  4 scorpions
  A kobold brigand (D:11)
  Dowan (D:7)
  7 wights
  11 small abominations (Lair:5)
  7 killer bees
  A howler monkey (D:12)
  5 jellies
  Crazy Yiuf (D:6)
  A hound (D:4)
  7 orc priests
  3 iguanas
  14 orc wizards
  2 sleepcaps (D:8)
  10 hell rats
  Robin (D:2)
  6 gnolls
  8 adders
  4 worms
  4 dart slugs (D:4)
  43 orcs
  7 bats
  9 endoplasms
  3 giant cockroaches
  22 goblins
  16 hobgoblins
  9 jackals
  3 quokkas (D:1)
  8 ball pythons
  3 frilled lizards
  18 kobolds
  4 rats
  5 bushes
843 creatures vanquished.

Vanquished Creatures (collateral kills)
  An orc (D:3)
1 creature vanquished.

Vanquished Creatures (others)
  60 fungi
  85 plants
145 creatures vanquished.

Grand Total: 989 creatures vanquished

Notes
Turn   | Place    | Note
-------+----------+-------------------------------------------
     0 | D:1      | nuka the Minotaur Fighter began the quest for the Orb.
     0 | D:1      | Reached XP level 1. HP: 19/19 MP: 0/0
   188 | D:1      | Found Acricroamy's Antique Armour Emporium.
   245 | D:1      | Reached XP level 2. HP: 27/27 MP: 1/1
   297 | D:1      | Found Zom Kiobb's Armour Emporium.
   396 | D:1      | Found Wotrorau's Magic Scroll Shoppe.
   404 | D:1      | Bought a scroll of identify for 20 gold pieces
   442 | D:1      | Found Adibinyl's Magic Scroll Emporium.
   883 | D:1      | Found Junall's Antique Armour Shop.
  1368 | D:2      | Noticed Robin
  1374 | D:2      | Reached XP level 3. HP: 22/33 MP: 2/2
  1389 | D:2      | Killed Robin
  1775 | D:2      | Reached XP level 4. HP: 40/40 MP: 3/3
  1890 | D:2      | Found the +2 ratskin cloak {*Rats rPois rN+ Str-1 Int-1
                  | Dex+1}
  1944 | D:2      | Found a faded altar of an unknown god.
  2985 | D:3      | Reached XP level 5. HP: 47/47 MP: 4/4
  3949 | D:4      | Found an opulent altar of Gozag.
  4231 | D:4      | Noticed an ogre
  4344 | D:4      | Reached skill level 5 in Fighting
  4344 | D:4      | Reached skill level 5 in Axes
  4344 | D:4      | Reached skill level 5 in Armour
  4344 | D:4      | Reached skill level 5 in Shields
  4344 | D:4      | Reached XP level 6. HP: 55/56 MP: 5/5
  4798 | D:4      | Found an ornate altar of the Wu Jian Council.
  4799 | D:4      | Found a glowing golden altar of the Shining One.
  5006 | D:4      | Found a staircase to the Ecumenical Temple.
  5051 | Temple   | Entered the Ecumenical Temple
  5107 | Temple   | Became a worshipper of Warmaster Okawaru
  5250 | D:4      | Paralysed by a hobgoblin for 4 turns
  5299 | D:4      | Found a bloodstained altar of Trog.
  5715 | D:5      | Entered Level 5 of the Dungeon
  5825 | D:5      | Found a glowing silver altar of Zin.
  5921 | D:5      | Reached XP level 7. HP: 5/61 MP: 6/6
  6128 | D:5      | Found a white marble altar of Elyvilon.
  6211 | D:5      | Reached * piety under Okawaru
  6574 | D:5      | Found a snail-covered altar of Cheibriados.
  6800 | D:5      | Reached XP level 8. HP: 70/70 MP: 7/7
  6859 | D:5      | Found a hide-covered altar of Uskayaw.
  7177 | D:6      | Reached ** piety under Okawaru
  7412 | D:6      | Noticed Pikel
  7425 | D:6      | Killed Pikel
  7731 | D:6      | Found a runed translucent door.
  7732 | D:6      | Noticed Crazy Yiuf
  7755 | D:6      | Found a shimmering altar of Xom.
  7934 | D:6      | Reached XP level 9. HP: 73/79 MP: 8/8
  8136 | D:6      | Killed Crazy Yiuf
  8518 | D:7      | Found a flagged portal.
  8848 | D:7      | Noticed Dowan
  8852 | D:7      | Noticed Duvessa
  8865 | D:7      | Killed Duvessa
  8869 | D:7      | Killed Dowan
  9187 | D:7      | Reached skill level 10 in Axes
  9413 | D:7      | Found a shimmering blue altar of Sif Muna.
  9811 | D:8      | Reached *** piety under Okawaru
 10365 | D:8      | Found a staircase to the Lair.
 10788 | D:9      | Reached XP level 10. HP: 84/90 MP: 9/9
 10790 | D:9      | Reached skill level 1 in Invocations
 10919 | D:9      | Found a staircase to the Orcish Mines.
 11049 | D:9      | Found a blossoming altar of Fedhas.
 11105 | D:9      | Reached **** piety under Okawaru
 11974 | D:10     | Entered Level 10 of the Dungeon
 12423 | D:10     | Noticed a two-headed ogre
 12436 | D:10     | Killed a two-headed ogre
 12697 | D:10     | Noticed Joseph
 12717 | D:10     | Killed Joseph
 12718 | D:10     | Reached XP level 11. HP: 59/99 MP: 12/12
 12850 | D:10     | Identified the +0 pearl dragon scales of Honesty {rN+
                  | Dex+6}
 12857 | D:10     | Noticed Snorg
 12870 | D:10     | Killed Snorg
 13298 | D:10     | Noticed a skeletal warrior
 13299 | D:10     | Found a faded altar of an unknown god.
 13326 | D:10     | Killed a skeletal warrior
 13327 | D:10     | Reached skill level 10 in Fighting
 13327 | D:10     | Reached skill level 10 in Armour
 13327 | D:10     | Reached skill level 10 in Shields
 13327 | D:10     | Found a hazy altar of Hepliaklqana.
 14378 | D:10     | Found an ancient bone altar of Kikubaaqudgha.
 14599 | Lair:1   | Entered Level 1 of the Lair of Beasts
 14794 | Lair:1   | Noticed a white ugly thing
 14794 | Lair:1   | Noticed a hell hog
 14795 | Lair:1   | Found a one-way gate to the infinite horrors of the Abyss.
 14795 | Lair:1   | Noticed nuka's ghost (journeyman GrEE)
 14796 | Lair:1   | Noticed a wretched star
 14797 | Lair:1   | Noticed a brown ugly thing
 14826 | Lair:1   | Found a transporter.
 14944 | Lair:1   | Found a transporter.
 15283 | Lair:1   | Noticed a spark wasp
 15283 | Lair:1   | Noticed a thrashing horror
 15288 | Lair:1   | a spark wasp changed into an alligator
 15288 | Lair:1   | Noticed an alligator (shapeshifter)
 15381 | Lair:1   | Reached ***** piety under Okawaru
 15848 | Lair:1   | Noticed a bunyip
 15893 | Lair:1   | Noticed a satyr
 15979 | Lair:2   | Reached skill level 5 in Invocations
 16265 | Lair:2   | Noticed Maggie
 16281 | Lair:2   | Killed Maggie
 16654 | Lair:2   | Found a staircase to the Swamp.
 16655 | Lair:2   | Noticed a bog body
 16669 | Lair:2   | Killed a bog body
 16670 | Lair:2   | Reached skill level 1 in Throwing
 16670 | Lair:2   | Reached XP level 12. HP: 108/108 MP: 6/14
 16997 | Lair:2   | Received a gift from Okawaru
 17563 | Lair:2   | Noticed an eight-headed hydra
 17614 | Lair:2   | Killed a five-headed hydra
 17913 | D:1      | Bought a buzzing plate armour for 616 gold pieces
 17913 | D:1      | Identified the +0 plate armour "Oddocuc" {rElec Str+3
                  | Slay+3} (You bought it in a shop on level 1 of the Dungeon)
 18696 | Lair:3   | Found a staircase to the Snake Pit.
 18708 | Lair:3   | Found a radiant altar of Vehumet.
 18750 | Lair:3   | Noticed an eight-headed hydra
 18763 | Lair:3   | Killed a three-headed hydra
 19223 | Lair:3   | Reached skill level 15 in Axes
 19493 | Lair:3   | You fall into a shaft and drop 2 floors!
 19493 | Lair:5   | Entered Level 5 of the Lair of Beasts
 19607 | Lair:4   | Found a viscous altar of Jiyva.
 19607 | Lair:4   | Found a staircase to the Slime Pits.
 19660 | Lair:4   | Noticed a death yak
 19662 | Lair:4   | Noticed an eight-headed hydra
 19670 | Lair:4   | Received a gift from Okawaru
 20600 | Lair:4   | Noticed a boulder beetle
 20611 | Lair:4   | Killed a boulder beetle
 20652 | Lair:4   | Killed a death yak
 20702 | Lair:4   | Killed a four-headed hydra
 20759 | Lair:4   | Reached XP level 13. HP: 106/117 MP: 15/15
 22223 | Lair:5   | Noticed Sonja
 22248 | Lair:5   | Killed Sonja
 22843 | Lair:5   | Reached skill level 5 in Throwing
 23471 | Lair:5   | Received a gift from Okawaru
 23575 | Lair:5   | Found a corrupted altar of Lugonu.
 23695 | Lair:5   | Found the +3 pair of mountain boots {steadfast, rC+}
 24259 | Lair:5   | Received a gift from Okawaru
 24268 | Lair:5   | Reached XP level 14. HP: 85/129 MP: 9/16
 25879 | D:11     | Found a gate leading to a gauntlet.
 26006 | D:11     | Received a gift from Okawaru
 26293 | D:11     | Found a runed translucent gate.
 26293 | D:11     | Found a runed translucent gate.
 26293 | D:11     | Found a runed translucent gate.
 26293 | D:11     | Noticed kwasso's ghost (journeyman GrEE)
 26427 | D:11     | Killed kwasso's ghost
 28062 | D:13     | Found a runed translucent door.
 28066 | D:13     | Noticed FoCKShaftsOnD1's ghost (journeyman MeEE)
 28425 | D:13     | Found a gate to the Vaults.
 28598 | D:13     | Received a gift from Okawaru
 29308 | D:14     | Received a gift from Okawaru
 29858 | D:14     | Identified the +4 kite shield of the Game Afoot {Int+2}
                  | (Okawaru gifted it to you on level 14 of the Dungeon)
 29858 | D:14     | Received a gift from Okawaru
 30375 | D:15     | Entered Level 15 of the Dungeon
 30431 | D:14     | Reached XP level 15. HP: 76/139 MP: 19/19
 30720 | D:15     | Noticed Josephine
 30772 | D:15     | Killed Josephine
 31127 | D:15     | Found a glowing golden altar of the Shining One.
 31192 | D:15     | Reached skill level 15 in Armour
 31333 | D:15     | Reached skill level 15 in Shields
 31342 | D:15     | Reached skill level 15 in Fighting
 31715 | D:15     | Noticed an emperor scorpion
 31723 | D:15     | Killed an emperor scorpion
 31731 | D:15     | Received a gift from Okawaru
 31777 | D:15     | Found a staircase to the Depths.
 31944 | D:15     | Noticed Roxanne
 32258 | Orc:1    | Entered Level 1 of the Orcish Mines
 32873 | Orc:1    | Paralysed by an orc sorcerer for 5 turns
 33158 | Orc:2    | Entered Level 2 of the Orcish Mines
 33158 | Orc:2    | Found a staircase to the Elven Halls.
 33373 | Orc:1    | Identified the +0 scale mail of Autotheism {Rampage rN++}
                  | (Okawaru gifted it to you on level 1 of the Orcish Mines)
 33373 | Orc:1    | Received a gift from Okawaru
 34497 | Orc:2    | Paralysed by an orc sorcerer for 3 turns
 34656 | Orc:2    | Found Byvvagh's Antique Armour Emporium.
 34830 | Orc:2    | Found Fayka's Antique Weapon Boutique.
 34952 | Orc:2    | Found Fuefyen's Jewellery Shop.
 34975 | Orc:2    | Bought an amulet of reflection for 480 gold pieces
 34975 | Orc:2    | Bought a ring of willpower for 400 gold pieces
 35222 | Orc:2    | Found Bepul's General Store.
 35265 | Orc:2    | Paralysed by an orc sorcerer for 5 turns
 35993 | Snake:1  | Entered Level 1 of the Snake Pit
 37823 | Snake:1  | Found Qopp's Weapon Emporium.
 38025 | Snake:1  | Reached XP level 16. HP: 151/151 MP: 21/21
 38086 | Snake:1  | Received a gift from Okawaru
 39658 | Snake:2  | Identified the +6 scale mail "Biahiu" {rElec Will- Dex+2}
                  | (Okawaru gifted it to you on level 2 of the Snake Pit)
 39658 | Snake:2  | Received a gift from Okawaru
 39659 | Snake:2  | Reached skill level 10 in Invocations
 41732 | Snake:3  | Found a runed translucent door.
 41737 | Snake:3  | Noticed Sokuv's ghost (adept DECj)
 41751 | Snake:3  | Killed Sokuv's ghost
 41952 | Snake:3  | Received a gift from Okawaru
 42091 | Snake:3  | Noticed Donald
 42113 | Snake:3  | Killed Donald
 42440 | Snake:3  | Reached XP level 17. HP: 151/162 MP: 24/24
 42479 | Snake:3  | Received a gift from Okawaru
 43003 | Snake:3  | Noticed Aizul
 43021 | Snake:3  | Killed Aizul
 43456 | Snake:3  | Noticed Agnes
 43460 | Snake:3  | Killed Agnes
 43898 | Snake:4  | Entered Level 4 of the Snake Pit
 45130 | Snake:4  | Identified the +6 war axe of Okawaru, Leaping {freeze,
                  | Int+4} (Okawaru gifted it to you on level 4 of the Snake
                  | Pit)
 45130 | Snake:4  | Received a gift from Okawaru
 45565 | Snake:4  | Noticed Saint Roka
 45589 | Snake:4  | Killed Saint Roka
 45988 | Snake:4  | HP: 4/163 [nagaraja/+0 halberd (30)]
 45988 | Snake:4  | Slain by a naga warrior

Illustrated notes

Levels and vault maps discovered:
D:1:      dpeg_arrival_oval, layout_loops_ring, serial_shops, shop,
          nicolae_shop_statue_plus, shop, shop, nicolae_shop_rolling_square
D:2:      layout_loops_ring, hellmonk_ecumenical_altar_lost_god, uniq_robin
D:3:      layout_basic, corexii_shack, minivault_11
D:4:      layout_basic, gammafunk_temple_overflow_pools, trog_hazing_becter,
          mainiacjoe_overflow_tiny_flanked, minmay_temple_entry_glass,
          nzn_random_ring
D:5:      layout_basic, elyvilon_altar_5, lemuel_coloured_pillars_altar,
          zin_academy, mainiacjoe_overflow_paths, minmay_misc_feat_more_columns
D:6:      layout_loops_corners, lemuel_tele_altar, uniq_pikel,
          uniq_crazy_yiuf_cottage
D:7:      layout_basic, nicolae_sif_muna_little_library, enter_bailey_3,
          uniq_duvessa
D:8:      layout_basic, lair_entry_dummy
D:9:      layout_stronghold, fedhas_altar_3, orc_0_dummy
D:10:     layout_rooms, beargit_hepliaklqana_dungeon_heroes,
          overflow_temple_1_default, uniq_joseph, uniq_snorg
D:11:     layout_rooms, gauntlet_entry_generic, gammafunk_ghost_hydra_chop
D:12:     layout_irregular_city
D:13:     layout_roguey, erik_vaults_1, ebering_ghost_reflecting_pool
D:14:     layout_irregular_city, infiniplex_staircase_pool_2
D:15:     hangedman_depths_entry_try_elsewhere_first, layout_loops_ring,
          nicolae_tso_carved_into_rock, corexii_hall_statues_s, minivault_24,
          uniq_josephine, uniq_roxanne
Temple:   nicolae_temple_cloud_nine
Lair:1:   layout_loops_ring, gammafunk_ghost_abyssal_escape,
          chequers_serial_rivers_micro_a
Lair:2:   layout_loops_ring, skrybe_swamp_entry_bodies, uniq_maggie
Lair:3:   layout_cave_pods, dummy_snake_entry, basic_altar
Lair:4:   layout_roguey, slime_entry_1, serial_bayou_shore_a
Lair:5:   hellmonk_lair_end_abyssal_woods, layout_hall_layers,
          grunt_megastairs_4, uniq_sonja
Snake:1:  layout_layer_cave, serial_shops, nicolae_shop_statue_plus, drop_trap,
          nicolae_snake_magic_snake_eye
Snake:2:  nicolae_snake_unarmed_stairs_patrol, layout_gridlike, drop_trap,
          nicolae_snake_gridmaze_big_u, serial_bayou_shore_b
Snake:3:  nicolae_snake_crotalidae_crossing, layout_onion_interference,
          ebering_ghost_reflecting_pool, hangedman_snake_thin_pillar_pass,
          st_stairs_5, uniq_aizul, uniq_agnes, uniq_donald
Snake:4:  grunt_snake_rune_pools, layout_cave_town, minmay_shop_grove,
          uniq_saint_roka
Orc:1:    layout_caves, nicolae_orc_crystal_geode
Orc:2:    grunt_orc_gardens, layout_caves, grunt_orc_garden, grunt_orc_garden,
          grunt_orc_garden, grunt_orc_garden, mines4_lemuel

Skill      XL: |  1  2  3  4  5  6  7  8  9 10 11 12 13 14 15 16 17 |
---------------+----------------------------------------------------+-----
Fighting       | 4 5 6 7 8 9 10 11 13 14 16 17 18 | 18.1
Shields        | 4 5 6 7 8 9 10 11 13 14 16 17 18 | 18.1
Armour         | 4 5 6 7 8 9 10 12 13 14 16 17 18 | 18.1
Axes           | 3 4 5 6 7 9 11 12 14 15 17 18 | 18.0
Invocations    | 3 5 7 9 11 | 11.8
Throwing       | 1 4 5 |  5.0

Action                     |  1- 3 |  4- 6 |  7- 9 | 10-12 | 13-15 | 16-18 || total
---------------------------+-------+-------+-------+-------+-------+-------++-------
  Melee: War axe           |    76 |   193 |    82 |       |       |       ||   351
         Headbutt          |    12 |    22 |    45 |   168 |   240 |   134 ||   621
         Broad axe         |       |       |   137 |   553 |   922 |   548 ||  2160
         Scimitar          |       |       |       |    12 |    31 |       ||    43
  Throw: Dart              |       |       |       |       |    20 |     9 ||    29
 Invoke: Heroism           |       |       |       |    11 |    16 |     9 ||    36
         Finesse           |       |       |       |     5 |     5 |     9 ||    19
    Use: Potion            |       |     1 |       |     4 |     4 |     4 ||    13
         Scroll            |       |       |     4 |    14 |    14 |     3 ||    35
 Armour: Scale mail        |    40 |    50 |       |       |       |       ||    90
         Plate armour      |       |    82 |   110 |   234 |   504 |   183 ||  1113
  Dodge: Dodged            |    41 |    76 |    60 |    85 |   147 |    81 ||   490
  Block: Buckler           |    13 |    67 |    60 |       |       |       ||   140
         Tower shield      |       |       |    65 |   382 |   812 |   649 ||  1908
         Reflection        |       |       |       |       |    26 |    90 ||   116
